 Dungeon Crawl Stone Soup version 0.29-a0-1009-g60c99734e7 (webtiles) character file.

Game seed: 205394309364118839

72722 zishaf the Spry (level 15, -6/85 HPs)
             Began as a Spriggan Hunter on Aug 8, 2022.
             Was the Champion of Dithmenos.
             Killed from afar by Jorgrun (15 damage)
             ... with a blast of rock fragments
             ... on level 12 of the Dungeon.
             The game lasted 00:34:41 (17166 turns).

zishaf the Spry (Spriggan Hunter)                  Turns: 17166, Time: 00:34:42

Health: -6/85      AC:  9    Str: 11    XL:     15   Next: 2%
Magic:  16/16      EV: 40    Int:  9    God:    Dithmenos [******]
Gold:   1882       SH:  0    Dex: 26    Spells: 14/14 levels left

rFire   + . .      SeeInvis +   a - +4 shortbow (elec)
rCold   + . .      Faith    .   (shield currently unavailable)
rNeg    . . .      Spirit   .   D - +2 robe {rC+}
rPois   .          Reflect  .   F - +2 hat
rElec   .          Harm     .   x - +2 cloak {Will+}
rCorr   .          Rampage  .   (gloves unavailable)
Will    +++..                   (boots unavailable)
Stlth   ++++......              J - amulet of regeneration
HPRegen 1.04/turn               f - +4 ring of slaying
MPRegen 0.15/turn               o - ring of protection from fire

@: wreathed by umbra, very quick
A: very small, no large weapons, unfitting armour, see invisible, speed 3,
strong 1, wild magic 1
a: Renounce Religion, Shadow Step, Shadow Form


You were on level 12 of the Dungeon.
You worshipped Dithmenos.
Dithmenos was exalted by your worship.
You visited 2 branches of the dungeon, and saw 17 of its levels.
You also visited: Ossuary and Bailey.

You collected 1882 gold pieces.

Inventory:

Hand Weapons
 a - a +4 shortbow of electrocution (weapon)
 N - a +1 shortbow of venom
Missiles
 W - a throwing net
Armour
 x - a +2 cloak of willpower (worn)
 B - +0 steam dragon scales
 D - a +2 robe of cold resistance (worn)
 F - a +2 hat (worn)
 R - the +1 robe of Vines {NoPotionHeal Regen++++}
   (You found it on level 1 of the Lair of Beasts)

   Its wearer cannot be healed by potions.
   Regen:     It increases your rate of health regeneration.
Jewellery
 b - a ring of resist corrosion
 f - a +4 ring of slaying (left hand)
 k - a ring of flight
 o - a ring of protection from fire (right hand)
 J - an amulet of regeneration (around neck)
 P - a +6 ring of strength
 U - a +4 ring of protection
Wands
 h - a wand of iceblast (19)
 n - a wand of quicksilver (7)
 w - a wand of flame (8)
 M - a wand of paralysis (7)
 Q - a wand of polymorph (5)
 Y - a wand of digging (6)
Scrolls
 l - 4 scrolls of blinking
 r - 4 scrolls of immolation
 v - 4 scrolls of enchant weapon
 y - 14 scrolls of teleportation
 A - 6 scrolls of enchant armour
 I - 3 scrolls of poison
 S - a scroll of magic mapping
 T - a scroll of brand weapon
 V - a scroll of summoning
 X - a scroll of fear
Potions
 d - 2 potions of cancellation
 e - 7 potions of heal wounds
 g - 5 potions of berserk rage
 i - 10 potions of curing
 j - 2 potions of resistance
 m - 3 potions of haste
 s - 3 potions of brilliance
 t - 7 potions of lignification
 u - 4 potions of attraction
 z - 3 potions of flight
 C - 2 potions of invisibility
 G - 2 potions of mutation
 H - 2 potions of ambrosia
 K - 2 potions of might
 O - a potion of magic {unknown}


   Skills:
 + Level 12.9 Fighting
 + Level 15.5 Ranged Weapons
 + Level 19.2 Dodging
 - Level 1.5 Stealth
 - Level 0.3 Invocations
 - Level 10.0 Evocations


You had 14 spell levels left.
You didn't know any spells.
Your spell library contained the following spells:

 Spells                   Type           Power      Damage    Failure   Level
 Freeze                   Ice            0%         1d3       47%         1
 Magic Dart               Conj           0%         1d3       47%         1
 Necrotise                Necr           0%         1d4       47%         1
 Sandblast                Erth           0%         2d4       47%         1
 Sting                    Tmut/Pois      0%         1d3       47%         1
 Call Imp                 Summ           0%         N/A       61%         2
 Poisonous Vapours        Pois/Air       0%         N/A       61%         2
 Scorch                   Fire           0%         2d5       61%         2
 Call Canine Familiar     Summ           0%         N/A       83%         3
 Frozen Ramparts          Ice            0%         1d1       83%         3
 Inner Flame              Hex/Fire       0%         N/A       83%         3
 Mephitic Cloud           Conj/Pois/Air  0%         N/A       83%         3
 Portal Projectile        Hex/Tloc       0%         N/A       83%         3
 Summon Guardian Golem    Hex/Summ       0%         N/A       83%         3
 Vampiric Draining        Necr           0%         2d6       83%         3
 Cause Fear               Hex            0%         N/A       99%         4
 Flame Wave               Conj/Fire      0%         2d4       99%         4
 Hailstorm                Conj/Ice       0%         3d3       99%         4
 Leda's Liquefaction      Hex/Erth       0%         N/A       99%         4
 Olgreb's Toxic Radiance  Pois           0%         N/A       99%         4
 Agony                    Necr           0%         N/A       100%        5
 Fireball                 Conj/Fire      0%         3d3       100%        5
 Iron Shot                Conj/Erth      0%         9d1       100%        6
 Starburst                Conj/Fire      0%         6d3       100%        6
 Statue Form              Tmut/Erth      0%         N/A       100%        6
 Summon Cactus Giant      Summ           0%         N/A       100%        6
 Orb of Destruction       Conj           0%         9d5       100%        7
 Spellforged Servitor     Conj/Summ      0%         N/A       100%        7
 Discord                  Hex            0%         N/A       100%        8
 Ignition                 Fire           0%         3d3       100%        8
 Shatter                  Erth           0%         3d5*      100%        9


Dungeon Overview and Level Annotations

Branches:
Dungeon (12/15)            Temple (0/1) D:6            Lair (5/5) D:10
  Swamp (0/4) Lair:2       Spider (0/4) Lair:2        Slime (0/5) Lair:5
    Orc (0/2) D:9         Ossuary (visited)          Bailey (visited)

Altars:
Dithmenos
Elyvilon
Fedhas
Gozag
Hepliaklqana
Makhleb
Sif Muna
Xom
Jiyva

Shops:
D:2 *   D:3 *   D:9 [

Portals:
Abyss: D:5

Annotations:
D:12 Jorgrun


Innate Abilities, Weirdness & Mutations

You are very small and have problems with some larger weapons.
You are too small for most types of armour.
You have supernaturally acute eyesight. (SInv)
You cover ground extremely quickly. (Speed+++)
Your muscles are strong. (Str +4, Int/Dex -1)
Your spells are a little harder to cast, but a little more powerful.


Message History

The arrow hits Jorgrun but does no damage.
Jorgrun hits you with a staff of earth.
You shoot an arrow. The arrow hits Jorgrun!
Jorgrun is heavily wounded.
Your shadow shoots an arrow.
The arrow hits Jorgrun!
You shoot an arrow. The arrow hits Jorgrun.
Jorgrun is severely wounded.
Your shadow shoots an arrow.
The arrow closely misses Jorgrun.
Jorgrun gestures at you while chanting. The iron shot misses you.
You shoot an arrow. The arrow hits Jorgrun!
Jorgrun is severely wounded.
Your shadow shoots an arrow.
The arrow misses Jorgrun.
Jorgrun completely misses you.
You shoot an arrow. The arrow misses Jorgrun.
Jorgrun hits you with a staff of earth. Jorgrun shatters you!
You shoot an arrow. The arrow misses Jorgrun.
You shoot an arrow. The arrow barely misses Jorgrun.
Jorgrun casts a spell at you. The iron shot misses you.
You shoot an arrow. The arrow hits Jorgrun!
Lightning courses through Jorgrun!
Jorgrun is almost dead.
Jorgrun gestures at you while chanting. The iron shot hits you!!!
Ouch! That really hurt!
* * * LOW HITPOINT WARNING * * *
You emit a cloud of dark smoke.
Fire: a) +4 shortbow (elec)
Press: ? - help, Q - select action, (/) - cycle Shift-Dir - straight line, f/p - Jorgrun
Aim: Jorgrun, wielding a staff of earth and wearing a +0 robe (black smoke, almost dead, umbra, 69% to hit)
You shoot an arrow. The arrow hits Jorgrun.
Jorgrun is almost dead.
Your shadow shoots an arrow.
The arrow barely misses Jorgrun.
Fire: a) +4 shortbow (elec)
Press: ? - help, Q - select action, (/) - cycle Shift-Dir - straight line, f/p - Jorgrun
Aim: Jorgrun, wielding a staff of earth and wearing a +0 robe (black smoke, almost dead, umbra, 69% to hit)
You shoot an arrow. The arrow barely misses Jorgrun.
Jorgrun casts a spell next to you.
The wall shatters!
The blast of rock fragments hits you!
You die...

.....# #..........?........
.....# #...........^.......
.....# #.#######.<.........
##.>.# +.#.....+...........
#...# ####.#.....#...........
#...######....#.§...#..#####....
#.............#§....#..# #....
#..#####......#§g§..#..# #....
#..# #......#@#####..# #...#
#..# #.....§§§§§.....# #...#
#..# #.[...§§§§§.....#####...#
#..#####.......................#
...............................#
............................>...
................................
...#########........###########.
.. #........# #.


You could see Jorgrun.

Vanquished Creatures
  Gastronok (D:8)
  The ghost of Bl4cKSa5uke the Brawler, a journeyman TrFi of Qazlal (D:11)
  11 hydras
  Erolcha (D:9)
  3 boulder beetles
  An anaconda (Lair:5)
  An ice dragon (Lair:5)
  3 two-headed ogres
  Erica (D:8)
  8 death yaks
  2 lindwurms (Lair:5)
  9 wizards (D:12)
  A deep elf pyromancer (D:12)
  3 deep elf zephyrmancers (D:12)
  An ugly thing (D:12)
  2 oklob plants (Lair:1)
  A wolf spider (Lair:5)
  2 cyclopes
  A will-o-the-wisp (Lair:2)
  2 orc sorcerers (D:12)
  A manticore (D:12)
  Joseph (D:8)
  A guardian serpent (Lair:5)
  10 elephants
  8 black mambas
  5 torpor snails (Lair:5)
  13 cane toads
  Maggie (D:8)
  A gargoyle (D:12)
  3 rime drakes
  7 komodo dragons
  3 kobold demonologists
  2 tengu conjurers (D:12)
  A troll (D:10)
  A polar bear (Lair:3)
  3 tyrant leeches (Lair:5)
  25 blink frogs
  11 hornets
  6 dream sheep
  The ghost of tbh1313 the Cudgeller, an amateur GrFi (D:5)
  4 shadows
  A ynoxinul (D:11)
  A vampire (D:12)
  11 wyverns
  2 basilisks
  33 yaks
  3 redbacks (Lair:5)
  2 steam dragons
  A warg (D:9)
  6 vampire mosquitoes
  An acid dragon (D:11)
  25 water moccasins
  Duvessa (D:7)
  An ice beast (D:8)
  14 orc warriors
  3 black bears
  2 sky beasts
  20 centaurs
  A phantom (D:6)
  5 kobold brigands
  3 elf zombies (Ossuary)
  7 bullfrogs
  2 gnoll sergeants (D:8)
  6 scorpions
  Dowan (D:7)
  3 killer bees (D:7)
  An electric eel (Lair:5)
  6 howler monkeys
  A quasit (D:5)
  A centaur zombie (Ossuary)
  A human zombie (Ossuary)
  2 jellies
  Crazy Yiuf (D:2)
  4 hounds
  8 orc priests
  An iron imp (D:5)
  7 orc wizards
  An iguana (D:6)
  A hound zombie (Ossuary)
  3 mummies (Ossuary)
  Robin (D:2)
  15 gnolls
  6 adders
  2 shadow imps
  5 white imps
  An ufetubus (D:5)
  2 adder zombies (Ossuary)
  2 worms
  A dart slug (D:5)
  50 orcs
  5 endoplasms
  6 giant cockroaches
  18 goblins
  10 hobgoblins
  4 jackals (D:1)
  5 quokkas
  8 ball pythons
  3 bats
  2 frilled lizards
  4 gnoll zombies (Ossuary)
  A goblin zombie (Ossuary)
  5 hobgoblin zombies (Ossuary)
  4 jackal zombies (Ossuary)
  12 kobolds
  5 kobold zombies (Ossuary)
  An orc zombie (Ossuary)
  3 quokka zombies (Ossuary)
  2 rats (D:1)
  6 rat zombies (Ossuary)
545 creatures vanquished.

Vanquished Creatures (collateral kills)
  An orc (D:5)
1 creature vanquished.

Vanquished Creatures (others)
  3 foxfires (Lair:2)
  26 fungi
  67 plants
  5 toadstools (D:4)
101 creatures vanquished.

Grand Total: 647 creatures vanquished

Notes
Turn   | Place    | Note
-------+----------+-------------------------------------------
     0 | D:1      | zishaf the Spriggan Hunter began the quest for the Orb.
     0 | D:1      | Reached XP level 1. HP: 10/10 MP: 2/2
   161 | D:1      | Reached skill level 3 in Dodging
   181 | D:1      | Reached XP level 2. HP: 6/15 MP: 3/3
   812 | D:1      | Found a faded altar of an unknown god.
  1121 | D:2      | Reached XP level 3. HP: 18/18 MP: 4/4
  1147 | D:2      | Found a shadowy altar of Dithmenos.
  1187 | D:2      | Became a worshipper of Dithmenos the Shadowed
  1261 | D:2      | Noticed Robin
  1296 | D:2      | Killed Robin
  1297 | D:2      | Reached XP level 4. HP: 16/23 MP: 5/5
  1309 | D:2      | Reached skill level 4 in Dodging
  1422 | D:2      | Found a runed translucent door.
  1423 | D:2      | Noticed Crazy Yiuf
  1474 | D:2      | Found Sadde's Assorted Antiques.
  1840 | D:2      | Killed Crazy Yiuf
  1841 | D:2      | Reached skill level 1 in Evocations
  2020 | D:3      | Found Gozag's Platinum Reserve.
  2023 | D:3      | Found an opulent altar of Gozag.
  2032 | D:3      | Reached * piety under Dithmenos
  2110 | D:3      | Reached XP level 5. HP: 27/27 MP: 6/6
  2111 | D:3      | Found a shimmering altar of Xom.
  2111 | D:3      | Found a shimmering altar of Xom.
  2114 | D:3      | Found a shimmering altar of Xom.
  2172 | D:3      | Found a shimmering altar of Xom.
  3023 | D:4      | Found a sand-covered staircase.
  3031 | Ossuary  | Entered an ossuary
  3081 | Ossuary  | Reached skill level 5 in Ranged Weapons
  3092 | Ossuary  | Reached skill level 5 in Dodging
  3092 | Ossuary  | Reached XP level 6. HP: 32/32 MP: 7/7
  3118 | Ossuary  | Reached ** piety under Dithmenos
  3380 | Ossuary  | Reached XP level 7. HP: 36/36 MP: 8/8
  3539 | D:4      | Found a shadowy altar of Dithmenos.
  4023 | D:5      | Entered Level 5 of the Dungeon
  4072 | D:5      | Found a transporter.
  4092 | D:5      | Found a transporter.
  4182 | D:5      | Found a hazy altar of Hepliaklqana.
  4316 | D:5      | Reached skill level 6 in Dodging
  4640 | D:5      | Noticed tbh1313's ghost (amateur GrFi)
  4669 | D:5      | Found a one-way gate to the infinite horrors of the Abyss.
  4912 | D:6      | Reached *** piety under Dithmenos
  5166 | D:6      | Reached skill level 5 in Evocations
  5172 | D:6      | Found a staircase to the Ecumenical Temple.
  5177 | D:6      | Noticed a steam dragon
  5203 | D:6      | Killed a steam dragon
  5204 | D:6      | Reached XP level 8. HP: 42/42 MP: 9/9
  5557 | D:6      | Found a shimmering blue altar of Sif Muna.
  5621 | D:7      | Reached skill level 7 in Dodging
  5709 | D:7      | Noticed Dowan
  5712 | D:7      | Noticed Duvessa
  5716 | D:7      | Reached skill level 5 in Fighting
  5723 | D:7      | Killed Dowan
  5724 | D:7      | Reached skill level 8 in Dodging
  5750 | D:7      | Killed Duvessa
  5904 | D:7      | Found a flagged portal.
  5935 | Bailey   | Entered a bailey
  5944 | Bailey   | Reached **** piety under Dithmenos
  5957 | Bailey   | Reached XP level 9. HP: 33/47 MP: 10/10
  6130 | Bailey   | Reached skill level 9 in Dodging
  6344 | Bailey   | Reached skill level 10 in Dodging
  6547 | Bailey   | Reached XP level 10. HP: 37/53 MP: 11/11
  7103 | D:7      | Reached skill level 11 in Dodging
  7590 | D:8      | Found a burning altar of Makhleb.
  7634 | D:8      | Reached ***** piety under Dithmenos
  7635 | D:8      | Noticed Erica
  7671 | D:8      | Killed Erica
  7766 | D:8      | Noticed Maggie
  7795 | D:8      | Killed Maggie
  7920 | D:8      | Noticed Joseph
  7930 | D:8      | Killed Joseph
  7931 | D:8      | Reached skill level 10 in Ranged Weapons
  7931 | D:8      | Reached skill level 12 in Dodging
  7957 | D:8      | Found a white marble altar of Elyvilon.
  7982 | D:8      | Noticed Gastronok
  8020 | D:8      | Killed Gastronok
  8486 | D:9      | Reached XP level 11. HP: 60/60 MP: 12/12
  8562 | D:9      | Found a staircase to the Orcish Mines.
  8818 | D:9      | Noticed Erolcha
  8837 | D:9      | Killed Erolcha
  8874 | D:9      | Found Onnekk's Armour Boutique.
  8881 | D:9      | Reached skill level 13 in Dodging
  9137 | D:10     | Entered Level 10 of the Dungeon
  9426 | D:10     | Noticed a two-headed ogre
  9430 | D:10     | Killed a two-headed ogre
  9498 | D:10     | Noticed a two-headed ogre
  9509 | D:10     | Killed a two-headed ogre
  9570 | D:10     | Noticed a death yak
  9603 | D:10     | Killed a death yak
  9609 | D:10     | Noticed a death yak
  9625 | D:10     | Noticed a death yak
  9650 | D:10     | Killed a death yak
  9679 | D:10     | Killed a death yak
  9777 | D:10     | Found a staircase to the Lair.
  9781 | D:10     | Reached skill level 14 in Dodging
  9980 | D:11     | Noticed Bl4cKSa5uke's ghost (journeyman TrFi)
 10116 | D:11     | Found a runed translucent door.
 10211 | D:11     | Reached XP level 12. HP: 57/66 MP: 13/13
 10755 | D:11     | Noticed a seven-headed hydra
 10759 | D:11     | Killed a seven-headed hydra
 10980 | D:5      | Killed tbh1313's ghost
 11118 | Lair:1   | Entered Level 1 of the Lair of Beasts
 11243 | Lair:1   | Noticed a six-headed hydra
 11245 | Lair:1   | Noticed a six-headed hydra
 11262 | Lair:1   | Killed a six-headed hydra
 11301 | Lair:1   | Killed a six-headed hydra
 11378 | Lair:1   | Noticed an eight-headed hydra
 11383 | Lair:1   | Killed an eight-headed hydra
 11391 | Lair:1   | Found the +1 robe of Vines {NoPotionHeal Regen++++}
 11396 | Lair:1   | Reached ****** piety under Dithmenos
 11526 | Lair:1   | Noticed a five-headed hydra
 11531 | Lair:1   | Killed a five-headed hydra
 11532 | Lair:1   | Reached skill level 15 in Dodging
 11536 | Lair:1   | Reached skill level 10 in Fighting
 11934 | Lair:2   | Found a hole to the Spider Nest.
 11959 | Lair:2   | Reached skill level 10 in Evocations
 12015 | Lair:2   | Found a staircase to the Swamp.
 12248 | Lair:2   | Reached XP level 13. HP: 72/72 MP: 14/14
 12394 | Lair:2   | Found a hazy altar of Hepliaklqana.
 12518 | Lair:3   | Reached skill level 16 in Dodging
 12682 | Lair:3   | Found a blossoming altar of Fedhas.
 14080 | Lair:5   | Entered Level 5 of the Lair of Beasts
 14650 | Lair:5   | Reached skill level 17 in Dodging
 14771 | Lair:5   | Found a runed translucent door.
 14815 | Lair:5   | Paralysed by a hornet for 3 turns
 14819 | Lair:5   | HP: 3/74 [poisoned by a hornet]
 15023 | Lair:5   | Reached XP level 14. HP: 79/79 MP: 15/15
 15320 | Lair:5   | Reached skill level 18 in Dodging
 15578 | Lair:5   | Found a viscous altar of Jiyva.
 15578 | Lair:5   | Found a staircase to the Slime Pits.
 15610 | Lair:5   | Gained mutation: You occasionally lose the ability to drink
                  | potions when taking damage. [potion of mutation]
 15610 | Lair:5   | Gained mutation: You are partially covered in iridescent
                  | scales. (AC +2) [potion of mutation]
 15611 | Lair:5   | Lost mutation: You occasionally lose the ability to drink
                  | potions when taking damage. [potion of mutation]
 15611 | Lair:5   | Lost mutation: You are partially covered in iridescent
                  | scales. (AC +2) [potion of mutation]
 15611 | Lair:5   | Gained mutation: Your spells are a little harder to cast,
                  | but a little more powerful. [potion of mutation]
 15611 | Lair:5   | Gained mutation: Your muscles are strong. (Str +4, Int/Dex
                  | -1) [potion of mutation]
 16079 | Lair:5   | Reached skill level 15 in Ranged Weapons
 16448 | D:11     | Killed Bl4cKSa5uke's ghost
 16478 | D:11     | Got the Verses on Metal
 16673 | D:12     | Reached skill level 19 in Dodging
 16826 | D:12     | Identified the +1 leather armour of Rationality {Dex+4}
 16932 | D:12     | Reached XP level 15. HP: 85/85 MP: 16/16
 17153 | D:12     | Noticed Jorgrun
 17166 | D:12     | Killed from afar by Jorgrun

Illustrated notes

Levels and vault maps discovered:
D:1:      eino_arrival_tree_alley, layout_loops_corners,
          chequers_ecumenical_altar_island, minmay_crystal_water
D:2:      layout_rooms, basic_altar, serial_shops, nicolae_diamond_shop,
          small_statue_intersection, uniq_robin, uniq_crazy_yiuf_cottage
D:3:      layout_rooms, nicolae_gozag_zags_fifth_avenue, xom_redecorated,
          serial_corexii_hall, corexii_hall_statues_l, chequers_hall_statues_y,
          chequers_hall_statues_wall_a, corexii_hall_statues_x,
          chequers_serial_rivers_small_3
D:4:      layout_cave_pools, mainiacjoe_overflow_six_doors_small,
          serial_co_window_serial, co_window_of_opportunity_a,
          co_window_cross_1, co_window_paths_a, co_window_cross_1,
          co_window_corner_a, co_window_broadway_c, co_window_corner_cb,
          co_window_cross_3, glass_columns_a, glass_columns_c, glass_columns_a,
          glass_columns_c, glass_columns_a, chequers_ossuary_entry_cave,
          minmay_gold_behind_fungi, small_statue_intersection
D:5:      layout_basic, old_standard_altar, gammafunk_ghost_abyssal_escape
D:6:      layout_basic, mainiacjoe_overflow_alcove_4, temple_doors_e,
          lemuel_flamethrower_1
D:7:      layout_basic, enter_bailey_3, uniq_duvessa
D:8:      layout_rooms, mainiacjoe_overflow_tiny_flanked, lemuel_doored_altar,
          uniq_joseph, uniq_erica, uniq_maggie, uniq_gastronok
D:9:      layout_irregular_city, david_orc_1_choice, kennysheep_windowed_goal,
          uniq_erolcha
D:10:     layout_roguey, dpeg_lair_monsters
D:11:     layout_basic, hellmonk_ghost_big_iron, serial_glass, glass_columns_a,
          glass_columns_a, kennysheep_small_square
D:12:     minmay_tri_stars, layout_irregular_city, uniq_jorgrun
Lair:1:   layout_big_grid, hellmonk_guarded_unrand_vines, grunt_megastairs_5
Lair:2:   layout_misc_corridors, minmay_swamp_entry_wisps,
          nicolae_spider_entry_non_spiders, basic_altar
Lair:3:   layout_hall_layers, basic_altar, chequers_serial_rivers_room_a,
          ldierk_geyser
Lair:4:   layout_gridlike
Lair:5:   hangedman_lair_tendril_chambers, layout_gridlike, wormcave,
          slime_entry_1, lemuel_fruit_tree

Skill      XL: |  1  2  3  4  5  6  7  8  9 10 11 12 13 14 |
---------------+-------------------------------------------+-----
Dodging        | 3 4 5 6 8 10 12 14 15 17 19 | 19.2
Fighting       | 2 3 4 5 6 8 9 10 11 12 | 12.9
Evocations     | 1 2 3 5 7 10 | 10.0
Ranged Weapons | 5 6 7 9 10 11 12 14 15 | 15.5
Stealth        | |  1.5
Invocations    | |  0.3

Action                   |  1- 3 |  4- 6 |  7- 9 | 10-12 | 13-15 || total
-------------------------+-------+-------+-------+-------+-------++-------
 Fire: Shortbow          |    86 |   206 |   316 |   549 |   834 ||  1991
  Use: Scroll            |       |     8 |     4 |    11 |    10 ||    33
       Potion            |       |       |       |       |     3 ||     3
Armor: Robe              |     3 |    17 |     9 |     8 |    29 ||    66
Dodge: Dodged            |    40 |    63 |    97 |   170 |   332 ||   702

Table legend: (Time is in decaauts)
 A = Elapsed time spent in this place.
 B = Non-inter-level travel time spent in this place.
 C = Inter-level travel time spent in this place.
 D = Time resting spent in this place.
 E = Time spent auto-exploring this place.
 F = Levels seen in this place.
 G = Mean time per level.
                   A        B        C        D        E       F      G
               +--------+--------+--------+--------+--------+-----+--------+
         Total |  12086 |  11523 |    563 |    543 |   7480 |  19 |  636.1 |
       Dungeon |   7454 |   7089 |    365 |    124 |   5047 |  12 |  621.2 |
          Lair |   3583 |   3385 |    198 |    419 |   1850 |   5 |  716.6 |
       Ossuary |    365 |    365 |      0 |      0 |    190 |   1 |  365.0 |
        Bailey |    683 |    683 |      0 |      0 |    392 |   1 |  683.0 |
               +--------+--------+--------+--------+--------+-----+--------+

Top non-repeatable levels by time:
  Lair:5: 1105 daAuts
  Lair:4: 874 daAuts
     D:1: 842 daAuts
     D:7: 781 daAuts
    D:11: 716 daAuts
  Bailey: 683 daAuts
     D:5: 676 daAuts
     D:3: 665 daAuts
  Lair:3: 656 daAuts
    D:10: 614 daAuts
     D:8: 607 daAuts
     D:2: 579 daAuts
  Lair:1: 544 daAuts
     D:9: 543 daAuts
     D:4: 497 daAuts
